Map: Neon Violet Square LE

Players

PiG - Winner!

  • Race: Protoss Protoss
  • League: Master
  • Spawn Location: 5:00

DarkCarrot

  • Race: Terran Terran
  • League: Master
  • Spawn Location: 11:00

VOD

Have the link to the VOD?

Description

Time

  • Played on: Jan. 29, 2018, 9:32 p.m.
  • Length: 8:59
Show
View Real Time Build Order
Export as new Build Order

PiG Protoss - Winner!

Build Orders: 1 Gate Expand 

Get SALT Encoding   

  12  0:00  Probe  
  13  0:13  Probe  
  14  0:20  Pylon  
  14  0:25  Probe  
  15  0:38  Probe (Chrono Boost)  
  15  0:42  Gateway  
  16  0:45  Assimilator  
  17  0:50  Probe (Chrono Boost)  
  17  0:55  Probe (Chrono Boost)  
  18  1:05  Probe  
  19  1:18  Probe  
  20  1:26  Nexus  
  20  1:38  Cybernetics Core  
  20  1:40  Probe  
  20  1:46  Assimilator  
  21  1:52  Probe  
  22  1:55  Pylon  
  22  2:04  Probe  
  23  2:11  Stalker (Chrono Boost)  
  23  2:15  Warp Gate  
  25  2:16  Probe  
  26  2:28  Probe  
  27  2:36  Robotics Facility  
  27  2:41  Probe x2  
  27  2:42  Stalker (Chrono Boost)  
  31  2:55  Probe (Chrono Boost)  
  31  2:57  Probe (Chrono Boost)  
  33  3:05  Probe (Chrono Boost), Stalker  
  37  3:08  Probe (Chrono Boost)  
  37  3:10  Probe (Chrono Boost)  
  38  3:17  Probe  
  39  3:21  Warp Prism (Chrono Boost)  
  39  3:22  Probe  
  42  3:29  Probe  
  42  3:34  Probe, Pylon  
  44  3:42  Probe  
  44  3:45  Gateway  
  44  3:46  Gateway  
  45  3:49  Probe  
  45  3:54  Probe  
  47  3:56  Observer (Chrono Boost)  
  47  4:01  Probe, Assimilator  
  49  4:04  Pylon  
  49  4:08  Probe  
  50  4:10  Pylon  
  50  4:19  Stalker  
  50  4:38  Probe  
  51  4:42  Stargate  
  51  4:46  Stalker x2  
  51  4:48  Probe  
  51  4:51  Assimilator  
  51  4:52  Robotics Facility  
  56  4:53  Robotics Bay  
  56  4:54  Probe  
  56  4:58  Stalker  
  56  4:59  Nexus  
  59  5:02  Pylon  
  59  5:04  Probe  
  59  5:05  Observer  
  59  5:06  Probe  
  57  5:23  Probe  
  57  5:26  Probe  
  59  5:28  Pylon  
  59  5:30  Gateway  
  59  5:33  Gateway  
  59  5:38  Observer  
  60  5:56  Probe  
  64  5:57  Disruptor (Chrono Boost)  
  64  5:59  Disruptor (Chrono Boost)  
  64  6:03  Gateway  
  67  6:04  Probe  
  67  6:06  Gateway  
  67  6:08  Probe, Gateway  
  69  6:11  Gateway  
  69  6:16  Probe, Pylon  
  70  6:22  Pylon  
  70  6:29  Disruptor (Chrono Boost)  
  70  6:32  Disruptor (Chrono Boost)  
  76  6:33  Stalker  
  76  6:36  Probe, Assimilator  
  76  6:37  Probe  
  79  6:41  Assimilator  
  79  6:49  Probe (Chrono Boost)  
  79  6:50  Probe (Chrono Boost)  
  79  6:53  Probe (Chrono Boost)  
  82  6:55  Disruptor (Chrono Boost)  
  82  6:56  Disruptor (Chrono Boost)  
  82  7:01  Probe x2 (Chrono Boost)  
  90  7:03  Probe (Chrono Boost), Stalker x2  
  90  7:05  Probe (Chrono Boost)  
  90  7:06  Probe (Chrono Boost)  
  90  7:08  Probe (Chrono Boost)  
  97  7:09  Stalker x2  
  102  7:23  Disruptor, Pylon x2  
  102  7:26  Disruptor  
  107  7:31  Stalker x4  
  115  7:40  Forge  
  115  7:43  Forge  
  116  7:45  Probe (Chrono Boost)  
  116  7:59  Disruptor  
  117  8:11  Disruptor  
  120  8:15  Nexus  
  120  8:18  Assimilator  
  120  8:19  Twilight Council  
  120  8:22  Assimilator, Pylon  
  120  8:35  Observer  
  120  8:40  Probe x2  
  120  8:41  Probe  
  120  8:43  Photon Cannon  
  120  8:46  Photon Cannon  
Show
View Real Time Build Order
Export as new Build Order

DarkCarrot Terran 

Build Orders: Mech 

Get SALT Encoding   

  12  0:01  SCV  
  13  0:13  SCV  
  14  0:19  Supply Depot  
  14  0:25  SCV  
  15  0:41  SCV  
  15  0:42  Barracks  
  16  0:53  SCV  
  17  0:59  Refinery  
  17  1:05  SCV  
  18  1:17  SCV  
  19  1:30  Marine  
  19  1:32  Orbital Command  
  20  1:53  Command Center  
  20  1:59  SCV  
  20  2:00  Barracks Reactor  
  21  2:05  Supply Depot  
  21  2:11  SCV  
  22  2:23  Refinery, SCV  
  22  2:26  Factory  
  23  2:35  SCV  
  23  2:36  Bunker  
  24  2:39  Marine x2  
  26  2:47  SCV  
  27  2:58  Marine  
  27  2:59  Marine, SCV  
  30  3:05  Orbital Command  
  30  3:11  Widow Mine  
  30  3:12  SCV  
  33  3:16  Starport  
  33  3:26  SCV  
  34  3:30  Barracks Tech Lab  
  34  3:32  SCV  
  35  3:41  SCV  
  36  3:44  SCV  
  36  3:45  Widow Mine, Hellion  
  41  3:53  Supply Depot, SCV  
  42  3:56  SCV  
  42  4:02  Raven  
  45  4:05  Refinery, SCV, Barracks Tech Lab  
  45  4:06  Refinery  
  46  4:11  Supply Depot  
  46  4:15  SCV  
  47  4:17  SCV  
  47  4:22  Hellion x2  
  52  4:27  SCV  
  51  4:42  SCV  
  51  4:43  Cyclone  
  55  4:45  Factory  
  55  4:48  SCV  
  55  4:50  Hellion  
  58  4:55  SCV  
  59  5:00  Supply Depot, SCV  
  60  5:07  SCV  
  60  5:12  SCV, Medivac  
  62  5:23  Hellion x2  
  62  5:27  Factory, SCV  
  67  5:32  SCV  
  68  5:39  Supply Depot  
  68  5:43  Siege Tank  
  69  5:58  Hellion x2  
  69  6:00  SCV  
  69  6:01  Supply Depot  
  69  6:02  Armory  
  74  6:07  SCV  
  74  6:10  Viking  
  77  6:13  SCV  
  77  6:17  Siege Tank  
  79  6:19  SCV  
  79  6:22  Supply Depot, Hellion x2  
  84  6:28  SCV  
  84  6:30  Supply Depot  
  85  6:36  Siege Tank  
  85  6:37  SCV  
  89  6:44  Medivac  
  89  6:46  Hellion  
  93  6:48  Infernal Pre-Igniter  
  93  6:51  SCV  
  94  6:55  Terran Vehicle Weapons Level 1  
  97  7:05  Thor  
  100  7:10  Hellion  
  100  7:12  SCV x2  
  104  7:16  Hellion  
  104  7:18  Medivac  
  108  7:28  Thor  
  100  7:36  Hellion, SCV  
  103  7:39  SCV  
  103  7:40  Hellion  
  106  7:48  Siege Tank  
  93  8:15  Supply Depot x2  
  93  8:22  Hellion x2  
  93  8:29  Supply Depot x2  
Tags
 
Composition
Mech
Matchup
PvT
Player
PiG
Spawn Locations
Cross Positions
Add a new tag
Caveats
  • Supply blocks, unpowered buildings, or Contaminate may cause inaccurate times.
  • Supply counts are checked every 10 seconds.